 Zot Defence DCSS version 0.15.2 (webtiles) character file.

168 AnCiEnTIStOnEIBeAsT the Caller (level 5, -1/21 HPs)
             Began as a Felid Summoner on Dec 17, 2015.
             Slain by a kobold (4 damage)
             ... in the Realm of Zot (Scenario I: Hall of Zot).
             The game lasted 00:01:54 (2746 turns).

AnCiEnTIStOnEIBeAsT the Caller (Felid Summoner)     Turns: 2746, Time: 00:01:54

HP  -1/21        AC  2     Str  4      XL: 5   Next: 24%
MP  13/13        EV 18     Int 18      God:
Gold 0           SH  0     Dex 17      Spells:  1 memorised,  8 levels left
Lives: 0, deaths: 1

rFire  . . .     SeeInvis +     (weapon unavailable)
rCold  . . .     Clarity  .     (armour unavailable)
rNeg   . . .     rCorr    .     (shield unavailable)
rPois  .         rRot     .     (helmet unavailable)
rElec  .         Spirit   .     (cloak unavailable)
SustAb .         Warding  .     (gloves unavailable)
rMut   .         Stasis   .     (boots unavailable)
Gourm  .                        (no amulet)
MR     .....                    (no ring)
                                (no ring)

@: quick, not resistant to hostile enchantments, fairly stealthy
A: paw claws, no armour, no weapons or thrown items, fangs 3, see invisible,
carnivore 3, speed 1, shaggy fur 2, slow metabolism 1, jump 2
a: Make oklob sapling, Make arrow trap, Make plant, Remove Curse, Make burning
bush, Jump Attack


You were in the Realm of Zot.
You were not hungry.

You visited 1 branch

Inventory:

Comestibles
 d - a meat ration
Scrolls
 i - a scroll of blinking
Potions
 c - 2 potions of curing
 f - a potion of haste
 g - 2 potions of magic
Books
 b - a book of Callings

   Spells                             Type                      Level
   *Summon Small Mammal               Summoning                    1
   Call Imp                           Summoning                    2
   Call Canine Familiar               Summoning                    3
   Summon Guardian Golem              Hexes/Summoning              4
   Summon Lightning Spire             Summoning/Air                4
   Summon Ice Beast                   Ice/Summoning                4


   Skills:
 - Level 2.6 Dodging
 - Level 2.6 Stealth
 + Level 2.9 Spellcasting
 + Level 7.0 Summonings


You had 8 spell levels left.
You knew the following spells:

 Your Spells              Type           Power        Failure   Level  Hunger
a - Summon Small Mammal   Summ           ####         1%          1    None


Dungeon Overview and Level Annotations

Branches:
    Zot (1/1)

Altars:


Innate Abilities, Weirdness & Mutations

You cannot wear armour.
You are incapable of wielding weapons or throwing items.
Your paws have sharp claws.
You have razor-sharp teeth.
You have supernaturally acute eyesight.
You are carnivorous and can eat meat at any time.
You cover ground quickly.
You are covered in thick fur (AC +2).
You have a slow metabolism.
You can jump attack at a medium distance.


Message History

You scratch the orc wizard but do no damage.
The orc wizard is almost dead.
Your bat misses the orc wizard. The orc wizard hits you with a dagger.
A kobold comes into view. It is wielding a club.
Unknown command.
You closely miss the orc wizard.
The orc wizard is almost dead.
The orc wizard closely misses you. The orc hits you with a runed mace.
* * * LOW HITPOINT WARNING * * *
Your bat hits the orc wizard.
The orc wizard dies!
Your Summonings skill increases to level 7!
The orc closely misses you.
Unknown command.
You scratch the orc.
The orc begins to bleed from its wounds!
The orc is lightly wounded.
Your bat hits the orc but does no damage.
The orc barely misses you.
Your bat barely misses the orc.
The kobold hits you.
You die...

▓▓▓▓▓▓▓▓ ▓▓▓▓▓▓▓▓ ....▓▓▓▓
▓▓▓▓.... .......▓▓▓ ▓▓▓.......
.........▓▓ ▓▓.........
..........▓ ▓▓▓▓▓▓▓▓▓ ▓..........
..........▓▓▓...PP..▓▓▓..........
..........▓▓.........▓▓..........
..........▓...(..o....▓..........
...........K.K.K@b)K)............
..........▓......o(...▓..........
..........▓▓.........▓▓..........
..........▓▓▓...PP..▓▓▓..........
..........# ▓▓▓▓▓▓▓▓▓ #..........
.........## ##.........
.......### ###....... ....####
####.... ######### #########


You could see Khooci the big kobold, 2 orcs, 3 kobolds, 4 friendly oklob
saplings and a friendly bat.

Vanquished Creatures
  A big kobold (Zot)
  An orc (Zot)
  2 kobolds (Zot)
4 creatures vanquished.

Vanquished Creatures (collateral kills)
  An orc wizard (Zot)
  An orc (Zot)
  A quokka (Zot)
  A giant spore (Zot)
  A kobold (Zot)
5 creatures vanquished.

Vanquished Creatures (others)
  A centaur (Zot)
  A giant frog (Zot)
  3 kobolds (Zot)
  A quokka (Zot)
  2 bats (Zot)
  A giant spore (Zot)
  A rat (Zot)
10 creatures vanquished.

Grand Total: 19 creatures vanquished

Notes
Turn   | Place    | Note
--------------------------------------------------------------
     0 | Zot      | AnCiEnTIStOnEIBeAsT, the Felid Summoner, began the quest for the Orb.
     0 | Zot      | Reached XP level 1. HP: 7/7 MP: 4/4
  2709 | Zot      | Noticed a centaur
  2711 | Zot      | Noticed a giant frog
  2712 | Zot      | Noticed a big kobold
  2712 | Zot      | Killed a giant frog
  2712 | Zot      | Reached skill level 5 in Summonings
  2712 | Zot      | Reached XP level 2. HP: 11/11 MP: 0/5
  2712 | Zot      | Reached XP level 3. HP: 14/14 MP: 0/8
  2715 | Zot      | Reached XP level 4. HP: 18/18 MP: 1/10
  2721 | Zot      | Killed a centaur
  2721 | Zot      | Reached skill level 6 in Summonings
  2721 | Zot      | Reached XP level 5. HP: 18/21 MP: 0/12
  2724 | Zot      | Killed a big kobold
  2729 | Zot      | Gained mutation: You are covered in thick fur (AC +2). [growing up]
  2729 | Zot      | Gained mutation: You can jump attack at a medium distance. [growing up]
  2729 | Zot      | Reached XP level 6. HP: 19/24 MP: 1/15
  2736 | Zot      | Noticed an orc wizard
  2738 | Zot      | Killed from afar by an orc wizard
  2739 | Zot      | Reached XP level 5. HP: -4/21 MP: 0/13
  2742 | Zot      | Noticed Khooci
  2745 | Zot      | Killed an orc wizard
  2745 | Zot      | Reached skill level 7 in Summonings
  2746 | Zot      | Slain by a kobold

Action                   |  1- 3 |  4- 6 || total
-------------------------+-------+-------++-------
Melee: Unarmed           |     1 |    18 ||    19
 Cast: Summon Small Mamm |     4 |     2 ||     6
 Abil: Make oklob saplin |     2 |     2 ||     4
  Use: Potion            |       |     3 ||     3
 Stab: Confused          |       |     1 ||     1
       Distracted        |       |     1 ||     1
